 Dungeon Crawl Stone Soup version 0.31-a0-538-gbc85326fa9 (webtiles) character file.

Game seed: 4968830064255136968

1744 Zonian the Ruffian (level 9, 0/61 HPs)
             Began as an Octopode Shapeshifter on Aug 13, 2023.
             Was an Initiate of Ashenzari.
             Slain by a killer bee (2 damage)
             ... on level 7 of the Dungeon.
             The game lasted 00:10:53 (7349 turns).

Zonian the Ruffian (Octopode Shapeshifter)          Turns: 7349, Time: 00:10:54

Health: 0/61       AC:  1    Str: 22    XL:     9   Next: 6%
Magic:  18/18      EV: 15    Int: 13    God:    Ashenzari [......]
Gold:   267        SH:  0    Dex: 15    Spells: 8/8 levels left

rFire   . . .        d - +0 dagger (elec)
rCold   . . .        (no shield)
rNeg    . . .        (helmet currently unavailable)
rPois   +            (no amulet)
rElec   .            m - ring of magical power
rCorr   .            q - ring of the Good {Wiz rPois Str+3 Int+3 Dex+3}
SInv    .            (no ring)
Will    .....        (no ring)
Stlth   ++           (no ring)
HPRegen 0.30/turn    (no ring)
MPRegen 0.16/turn    (no ring)
                     (no ring)

%: wizardry (x1)
@: about to teleport, beast-form
A: beast (slay +3), almost no armour, amphibious, 8 rings, camouflage 1,
gelatinous body 1, (nimble swimmer 1), tentacles
a: Begin Untransformation, Renounce Religion


You were on level 7 of the Dungeon.
You worshipped Ashenzari.
Ashenzari was noncommittal.
You were a hulking beast.
You visited 2 branches of the dungeon, and saw 8 of its levels.

You collected 267 gold pieces.

Inventory:

Hand Weapons
 d - a +0 dagger of electrocution (weapon)
 e - a +0 dagger of venom
Jewellery
 m - a ring of magical power (left tentacle)
 q - the ring of the Good (right tentacle) {Wiz rPois Str+3 Int+3 Dex+3}
   (You found it on level 3 of the Dungeon)

   [ring of wizardry]

   Wiz:       It improves your spell success rate.
   Str+3:     It affects your strength (+3).
   Int+3:     It affects your intelligence (+3).
   Dex+3:     It affects your dexterity (+3).
   rPois:     It protects you from poison
 s - a ring of fire
Talismans
 b - a beast talisman (active)
 c - a flux talisman
Wands
 r - a wand of acid (3)
Scrolls
 f - a scroll of poison
 i - 3 scrolls of teleportation
 j - a scroll of immolation
 k - 2 scrolls of identify
 l - a scroll of enchant armour
 p - a scroll of amnesia
 t - a scroll of vulnerability {unknown}
Potions
 a - 2 potions of curing
 g - a potion of haste
 h - 3 potions of magic
 n - a potion of enlightenment
 o - 2 potions of degeneration
 u - a potion of might {unknown}
 v - a potion of lignification


   Skills:
 + Level 5.6 Fighting
 + Level 6.0 Dodging
 + Level 6.3 Unarmed Combat
 + Level 5.5 Shapeshifting


You had 8 spell levels left.
You didn't know any spells.
Your spell library contained the following spells:

 Spells                   Type           Power      Damage    Failure   Level
 Apportation              Tloc           0%         N/A       12%         1
 Necrotise                Necr           0%         1d4       12%         1
 Summon Small Mammal      Summ           0%         N/A       12%         1
 Ignite Poison            Fire/Tmut/Pois 0%         N/A       34%         3
 Summon Guardian Golem    Hex/Summ       0%         N/A       34%         3
 Sticky Flame             Conj/Fire      0%         2d3       73%         4
 Orb of Destruction       Conj           0%         9d5       100%        7
 Spellforged Servitor     Conj/Summ      0%         N/A       100%        7
 Ignition                 Fire           0%         3d3       100%        8


Dungeon Overview and Level Annotations

Branches:
Dungeon (7/15)             Temple (1/1) D:6

Altars:
Ashenzari
Cheibriados
Elyvilon
Hepliaklqana
Okawaru
Qazlal
Ru
Sif Muna
Vehumet
Wu Jian
Zin

Shops:
D:2 [

Annotations:
D:5 Pikel


Innate Abilities, Weirdness & Mutations

You are a hulking beast.
Your limbs bulge with bestial killing power. (Slay +3)
You cannot wear most types of armour.
You are amphibious.
You can wear up to eight rings at the same time.
Your skin changes colour to match your surroundings (Stealth+).
Your rubbery body absorbs attacks. (AC +1, EV +1)
((You are camouflaged when in or above water. (Stealth+)))
You have tentacles for arms and can constrict up to eight enemies at once.


Message History

You kill the killer bee!
You feel sick. The killer bee stings you. The killer bee closely misses you. x2
Your Dodging skill increases to level 6!
Unknown command.
You hit the killer bee. You grab the killer bee.
The killer bee is moderately wounded.
You constrict the killer bee.
You feel sick. The killer bee closely misses you.
The killer bee stings you! x2; The killer bee stings you.
* * * LOW HITPOINT WARNING * * *
You are more poisoned.
The killer bee poisons you!
You feel better.
You constrict the killer bee. The killer bee stings you.
The killer bee closely misses you. The killer bee stings you!
* * * LOW HITPOINT WARNING * * *
The killer bee closely misses you.
You hit the killer bee. Your grab misses the killer bee.
Your squeeze misses the killer bee.
The killer bee is lightly wounded.
You constrict the killer bee. The killer bee completely misses you.
The killer bee barely misses you. The killer bee stings you.
* * * LOW HITPOINT WARNING * * *
The killer bee misses you.
As you read the scroll of teleportation, it crumbles to dust.
You feel strangely unstable.
You constrict the killer bee. The killer bee stings you.
* * * LOW HITPOINT WARNING * * *
The killer bee completely misses you.
A gnoll bouda comes into view. It is wielding a +0 whip.
The killer bee stings you!
* * * LOW HITPOINT WARNING * * *
The killer bee completely misses you.
You barely miss the killer bee.
The gnoll bouda shouts!
Your grab misses the killer bee.
The killer bee is lightly wounded.
You constrict the killer bee.
You kill the killer bee!
You hear a shout!
The killer bee stings you.
You die...

#......##
#.####.###.##
#........#.#
######.#...#
#.###.# #.###.#
###.....###
###.........#
######.#.#####h#.#
...........# #y#.#
###.#......####y#.#
#............D..#
#.#......##)....#
#.##.....##....g# #
##.#............
......##.(......#
###.#.##..#....#..#


You could see a steam dragon, a gnoll bouda and 2 killer bees.

Vanquished Creatures
  Grinder (D:5)
  Sigmund (D:3)
  Eustachio (D:6)
  A black bear (D:4)
  3 phantoms
  A lemure (D:5)
  A bullfrog (D:6)
  2 scorpions (D:6)
  3 killer bees (D:7)
  A howler monkey (D:6)
  4 hounds
  A jelly (D:6)
  2 orc priests
  2 iguanas
  3 sleepcaps
  2 orc wizards
  10 adders
  2 white imps (D:6)
  2 ufetubi (D:5)
  A worm (D:3)
  3 dart slugs
  13 orcs
  8 ball pythons
  10 endoplasms
  4 giant cockroaches
  12 goblins
  7 hobgoblins
  9 jackals
  7 quokkas
  4 bats
  3 frilled lizards
  10 kobolds
  3 rats
137 creatures vanquished.

Notes
Turn   | Place    | Note
-------+----------+-------------------------------------------
     0 | D:1      | Zonian the Octopode Shapeshifter began the quest for the
                  | Orb.
     0 | D:1      | Reached XP level 1. HP: 13/13 MP: 1/1
   391 | D:1      | Reached XP level 2. HP: 17/18 MP: 2/2
   850 | D:1      | Reached XP level 3. HP: 23/23 MP: 3/3
  1308 | D:2      | Reached XP level 4. HP: 24/29 MP: 4/4
  1577 | D:2      | Found Uchap's Antique Armour Shop.
  2103 | D:3      | Identified the ring of the Good {Wiz rPois Str+3 Int+3
                  | Dex+3}
  2333 | D:3      | Reached XP level 5. HP: 31/35 MP: 5/5
  2351 | D:3      | Noticed Sigmund
  2362 | D:3      | Killed Sigmund
  2363 | D:3      | Reached XP level 6. HP: 42/42 MP: 6/6
  2941 | D:3      | Identified the +0 ring mail of the Slightly Bent {Will+
                  | Regen+ Int+2}
  3151 | D:4      | Noticed a black bear
  3160 | D:4      | Killed a black bear
  3160 | D:4      | HP: 2/42 [frozen (1)]
  3618 | D:4      | Reached XP level 7. HP: 46/46 MP: 7/7
  4487 | D:5      | Entered Level 5 of the Dungeon
  4498 | D:5      | Noticed Grinder
  4502 | D:5      | Killed Grinder
  4503 | D:5      | Reached skill level 5 in Unarmed Combat
  4740 | D:5      | Noticed Pikel
  4819 | D:5      | Reached XP level 8. HP: 54/54 MP: 8/8
  5629 | D:5      | Reached skill level 5 in Dodging
  6306 | D:6      | Reached skill level 5 in Shapeshifting
  6633 | D:6      | Reached skill level 5 in Fighting
  6727 | D:6      | Found a staircase to the Ecumenical Temple.
  6737 | Temple   | Entered the Ecumenical Temple
  6746 | Temple   | Became a worshipper of Ashenzari the Shackled
  7171 | D:6      | Noticed Eustachio
  7177 | D:6      | Killed Eustachio
  7292 | D:7      | Reached XP level 9. HP: 61/61 MP: 9/9
  7348 | D:7      | HP: 2/61 [killer bee (8)]
  7349 | D:7      | Slain by a killer bee

Illustrated notes

Levels and vault maps discovered:
D:1:      lightli_arrival_boilingwater, layout_loops_ring,
          kennysheep_crisscross, minmay_heptomino_l4
D:2:      layout_basic, serial_shops, shop_statue
D:3:      layout_basic, uniq_sigmund
D:4:      wad_lake_hut, layout_loops_cross, serial_bayou, serial_bayou_pond_d,
          serial_bayou_lagoon_a, serial_bayou_pond_a, serial_bayou_lake_a,
          minmay_misc_feat_hallway
D:5:      layout_basic, nicolae_twisty_statue_hallways, uniq_grinder, uniq_pikel
D:6:      layout_loops_ring, minmay_temple_entry_purple_smoke, uniq_eustachio
D:7:      layout_loops_corners, serial_shops, shop, nicolae_elemental_shop,
          minmay_misc_feat_iff, minivault_22, grunt_ministairs_10
Temple:   minmay_freezing_vapour_temple

Skill      XL: |  1  2  3  4  5  6  7  8  9 |
---------------+----------------------------+-----
Fighting       | 2 3 4 5 |  5.6
Dodging        | 3 4 5 6 |  6.0
Unarmed Combat | 4 5 6 |  6.3
Shapeshifting  | 4 5 |  5.5

Action                     |  1- 3 |  4- 6 |  7- 9 || total
---------------------------+-------+-------+-------++-------
  Melee: Dagger            |    65 |    88 |   126 ||   279
         Unarmed           |     8 |       |       ||     8
         Constrict         |    22 |    22 |    37 ||    81
         Tentacles         |    10 |    16 |    38 ||    64
         Punch             |     1 |     6 |    12 ||    19
  Evoke: Wand              |       |       |     1 ||     1
    Use: Potion            |       |     3 |     1 ||     4
         Scroll            |       |     4 |     8 ||    12
   Stab: Sleeping          |     5 |    12 |    12 ||    29
         Distracted        |       |     2 |       ||     2
 Armour: Skin              |     7 |     8 |     4 ||    19
  Dodge: Dodged            |    39 |    66 |    70 ||   175

Table legend: (Time is in decaauts)
 A = Elapsed time spent in this place.
 B = Non-inter-level travel time spent in this place.
 C = Inter-level travel time spent in this place.
 D = Time resting spent in this place.
 E = Time spent auto-exploring this place.
 F = Levels seen in this place.
 G = Mean time per level.
                   A        B        C        D        E       F      G
               +--------+--------+--------+--------+--------+-----+--------+
         Total |   7345 |   7126 |    219 |   2193 |   3889 |   8 |  918.1 |
       Dungeon |   7330 |   7116 |    214 |   2193 |   3889 |   7 | 1047.1 |
        Temple |     14 |      9 |      5 |      0 |      0 |   1 |   14.0 |
               +--------+--------+--------+--------+--------+-----+--------+

Top non-repeatable levels by time:
     D:5: 1722 daAuts
     D:4: 1441 daAuts
     D:1: 1247 daAuts
     D:3: 1040 daAuts
     D:6: 1036 daAuts
     D:2: 779 daAuts
     D:7: 63 daAuts
  Temple: 14 daAuts
